Map: Ley Lines

Players

FuRePrUiT

  • Race: Protoss Protoss
  • Spawn Location: 7:00

A.I. 1 (Very Easy) - Winner!

  • Race: Terran Terran
  • Spawn Location: 1:00

VOD

Have the link to the VOD?

Description

Time

  • Played on: Aug. 5, 2025, 10:16 a.m.
  • Length: 6:07
Show
View Real Time Build Order
Export as new Build Order

FuRePrUiT Protoss 

Build Orders: 1 Gate Expand, Blink Stalkers 

Get SALT Encoding   

  12  0:01  Probe  
  13  0:13  Probe  
  14  0:17  Pylon  
  14  0:24  Probe  
  15  0:32  Probe  
  15  0:39  Gateway  
  15  0:40  Probe  
  16  0:46  Assimilator  
  17  0:51  Probe  
  18  1:03  Probe  
  19  1:15  Probe  
  20  1:22  Nexus  
  20  1:33  Cybernetics Core  
  20  1:39  Probe  
  21  1:41  Assimilator  
  21  1:51  Pylon, Probe  
  22  1:58  Stalker  
  22  2:04  Probe  
  23  2:11  Warp Gate  
  23  2:14  Probe  
  25  2:18  Twilight Council  
  25  2:22  Probe  
  26  2:24  Stalker  
  29  2:30  Probe  
  29  2:32  Probe  
  29  2:36  Blink  
  31  2:40  Probe  
  31  2:42  Probe  
  32  2:46  Shield Battery  
  33  2:54  Probe  
  33  2:57  Probe  
  35  3:06  Probe  
  35  3:09  Probe  
  37  3:18  Gateway  
  37  3:19  Probe  
  38  3:21  Robotics Facility  
  38  3:23  Probe  
  39  3:31  Probe  
  39  3:33  Gateway  
  40  3:35  Probe  
  40  3:39  Pylon  
  41  3:43  Probe  
  41  3:46  Gateway  
  41  3:47  Probe  
  43  3:50  Assimilator  
  43  3:52  Pylon  
  43  3:55  Probe  
  44  3:59  Probe  
  44  4:01  Warp Prism  
  45  4:08  Probe  
  48  4:17  Stalker x2  
  48  4:21  Pylon  
  52  4:26  Pylon  
  52  4:29  Stalker  
  54  4:42  Stalker  
  54  4:43  Stalker x2  
  54  4:44  Observer  
  60  4:48  Gateway  
  61  4:58  Probe  
  62  5:01  Gateway  
  62  5:10  Stalker x4  
  62  5:13  Probe x2  
  72  5:22  Robotics Bay  
  72  5:29  Nexus  
  72  5:33  Pylon  
  72  5:34  Probe  
  73  6:02  Stalker x6  
  85  6:06  Pylon  
Show
View Real Time Build Order
Export as new Build Order

A.I. 1 (Very Easy) Terran - Winner!

Build Orders:  

Get SALT Encoding   

  12  0:00  SCV  
  13  0:13  SCV  
  14  0:18  Supply Depot  
  14  0:37  Refinery  
  14  0:42  Barracks  
  14  1:03  Supply Depot  
  14  1:12  Refinery  
  14  1:29  Barracks Tech Lab  
  14  1:31  Orbital Command  
  14  1:46  Marine  
  15  1:57  SCV  
  16  2:09  SCV  
  17  2:21  SCV  
  18  2:33  Marine, SCV  
  20  2:45  SCV  
  21  2:58  SCV  
  24  3:20  Marauder  
  24  4:57  SCV  
Tags
 
Composition
Blink Stalkers
Matchup
PvT
Spawn Locations
Cross Positions
Add a new tag
Caveats
  • Supply blocks, unpowered buildings, or Contaminate may cause inaccurate times.
  • Supply counts are checked every 10 seconds.